 Dungeon Crawl Stone Soup version 0.18.1-48-g4cf74bf (webtiles) character file.

10754 GameOver the Transmogrifier (level 11, 0/84 HPs)
             Began as a Naga Transmuter on Sept 12, 2016.
             Was a High Priest of Okawaru.
             Slain by a white imp (1 damage)
             ... on level 11 of the Dungeon.
             The game lasted 01:15:29 (9998 turns).

GameOver the Transmogrifier (Naga Transmuter)       Turns: 9998, Time: 01:15:30

Health: 0/84       AC:  2    Str: 12    XL:     11   Next: 67%
Magic:  20/20      EV: 21    Int: 17    God:    Okawaru [*****.]
Gold:   1185       SH:  0    Dex: 17    Spells: 6 memorised, 4 levels left

rFire  + . .     SeeInvis +       - Unarmed
rCold  + + .     Gourm    .     (armour currently unavailable)
rNeg   . . .     Faith    .     (shield currently unavailable)
rPois  .         Spirit   .     (helmet currently unavailable)
rElec  +         Dismiss  .     (cloak currently unavailable)
rCorr  +         Reflect  .     (gloves currently unavailable)
SustAt .         Harm     .     (no barding)
MR     +....                    (no amulet)
Stlth  +++.......               N - ring of stealth
                                J - ring of protection from cold

@: spider-form (expiring), resistant, drained, somewhat resistant to hostile
enchantments, fairly stealthy
A: see invisible, (deformed body), (poison resistance), (slowness 0), slow
metabolism 1, spit poison 2, AC +3
a: Spit Poison, End Transformation, Heroism, Finesse, Renounce Religion


You were on level 11 of the Dungeon.
You worshipped Okawaru.
Okawaru was extremely pleased with you.
You were not hungry.
You were a venomous arachnid creature.
You visited 2 branches of the dungeon, and saw 12 of its levels.
You also visited: Bailey.

You collected 1185 gold pieces.

Inventory:

Hand Weapons
 w - a +0 quarterstaff of protection (melded)
 H - a +2 shortbow of velocity
Missiles
 a - 115 arrows
 v - 9 throwing nets (quivered)
Armour
 e - a +0 leather armour (melded)
 n - a +0 helmet (melded)
 C - a +0 large shield
 F - a +2 ring mail of fire resistance
 G - a +2 naga barding of flying (melded)
 L - a +0 cloak (melded)
Jewellery
 b - the amulet "Qihigihau" {Harm *Drain -Tele rElec rC- Dex+8}
   (You found it in a bailey)

   [amulet of harm]

   It increases damage dealt and taken.
   It affects your dexterity (+8).
   It makes you vulnerable to cold.
   It insulates you from electricity.
   It prevents most forms of teleportation.
 J - a ring of protection from cold (left front leg)
 N - a ring of stealth (right front leg)
Wands
 t - a wand of flame (24/48)
 I - a wand of flame (48/48)
Scrolls
 f - 5 scrolls of remove curse
 i - a scroll of identify
 j - a scroll of recharging
 l - 2 scrolls of enchant armour {unknown}
 o - 2 scrolls of enchant weapon {unknown}
 q - 2 scrolls of magic mapping
 x - a scroll of noise {unknown}
 y - a scroll of teleportation {unknown}
 z - a scroll of fog {unknown}
 M - a scroll of torment {unknown}
Potions
 h - a potion of curing
 k - 2 potions of agility
 p - a potion of lignification
 u - 2 potions of flight
 E - a potion of might
Books
 c - a book of Changes

   Spells                             Type                      Level
   a - Beastly Appendage              Transmutation                1
   b - Sticks to Snakes               Transmutation                2
   c - Spider Form                    Transmutation/Poison         3
   d - Ice Form                       Ice/Transmutation            4
   e - Blade Hands                    Transmutation                5
 r - a Young Poisoner's Handbook

   Spells                             Type                      Level
   a - Sting                          Conjuration/Poison           1
   b - Cure Poison                    Poison                       2
   c - Mephitic Cloud                 Conjuration/Poison/Air       3
   d - Olgreb's Toxic Radiance        Poison                       4
   e - Venom Bolt                     Conjuration/Poison           5
Miscellaneous
 g - a crystal ball of energy
Comestibles
 d - 9 bread rations
 m - 10 beef jerkies
 B - 2 royal jellies


   Skills:
 - Level 1.0(0.0) Fighting
 + Level 5.5(4.4) Armour
 + Level 4.1(2.9) Dodging
 + Level 9.2(7.9) Unarmed Combat
 - Level 6.1(4.9) Spellcasting
 - Level 10.0(8.7) Transmutations
 - Level 5.0(3.8) Poison Magic
 + Level 6.4(5.1) Invocations


You had 4 spell levels left.
You knew the following spells:

 Your Spells              Type           Power        Failure   Level  Hunger
a - Beastly Appendage     Trmt           ####..       3%          1    None
b - Sticks to Snakes      Trmt           ####....     4%          2    #......
c - Spider Form           Trmt/Pois      ####......   12%         3    ###....
d - Blade Hands           Trmt           ####......   32%         5    ######.
e - Ice Form              Ice/Trmt       ###.....     45%         4    ####...
f - Mephitic Cloud        Conj/Pois/Air  #.......     45%         3    ###....


Dungeon Overview and Level Annotations

Branches:
Dungeon (11/15)            Temple (1/1) D:7            Lair (0/8) D:11
    Orc (0/2) D:11

Altars:
Ashenzari
Cheibriados
Dithmenos
Elyvilon
Fedhas
Gozag
Kikubaaqudgha
Makhleb
Nemelex Xobeh
Okawaru
Pakellas
Qazlal
Ru
Sif Muna
Trog
Vehumet
Xom
Yredelemnul
Zin
The Shining One

Portals:
Ice
Cave: D:11


Innate Abilities, Weirdness & Mutations

You cannot wear boots.
((Your serpentine skin is tough (AC +3).))
You have supernaturally acute eyesight.
((Armour fits poorly on your strangely shaped body.))
((Your system is resistant to poisons.))
((You cover ground very slowly.))
You have a slow metabolism.
You can spit poison.


Message History

The white imp gestures at you. The puff of frost hits you! You resist.
* * * LOW HITPOINT WARNING * * *
Unknown command.
The yak completely misses you.
Unknown command.
Evoke which item? (* to show all) (? for menu, Esc to quit)
You have no means to grasp a wand firmly enough.
Read which item? (? for menu, Esc to quit)
Okay, then.
Drink which item? (? for menu, Esc to quit)
You feel protected. The white imp misses you. The yak gores you!
* * * LOW HITPOINT WARNING * * *
The white imp gestures at you. The puff of frost misses you.
The puff of frost hits the yak.
The white imp hits you.
* * * LOW HITPOINT WARNING * * *
The white imp freezes you. You resist.
You die...

** *,*
##...........<..$. *,*
#................#
*,*###.....[.........<.
*,*#...........########
#,*#...........#,,,,,,,
#.##....YY.....#,,,,,,*
#....55555.....#,,,,,,*
#.....5Y.5Y.#..#,,,,,,*
*#...5s5###.#.....,,,,,
#...5..# #.#..###.,***
#......# #.#...,*,,*,*
######## #.#..##*,,*,*
****#.#...,,,,,,,
*,,,..#,,***,,***
*,***,*,,,,*,,,,*
**+*****,,***,,***
**,,,** *,,,,,,,,,,


You could see 4 yaks and 10 white imps.

Vanquished Creatures
  2 hill giants
  Pikel (D:7)
  An ugly thing (D:11)
  Joseph (D:7)
  A centaur skeleton (D:11)
  A troll (D:10)
  A two-headed ogre (D:10)
  Sigmund (D:5)
  10 yaks
  A wyvern (D:9)
  A hippogriff (D:9)
  Menkaure (D:6)
  Duvessa (D:7)
  3 black bears
  4 orc warriors
  3 sky beasts
  An ice beast (D:6)
  A necrophage (D:7)
  2 phantoms
  10 ogres
  5 centaurs
  3 big kobolds
  4 giant frogs
  Dowan (D:7)
  9 gnoll sergeants
  A wyvern zombie (D:10)
  2 scorpions
  3 howler monkeys (D:8)
  A centaur zombie (D:7)
  A giant frog zombie (D:6)
  3 orc priests
  4 gnoll shamans (Bailey)
  8 jellies (D:9)
  10 orc wizards
  3 giant frog skeletons
  8 hounds
  An iron imp (D:8)
  6 iguanas
  8 worker ants
  2 hound zombies
  A hound skeleton (D:8)
  19 gnolls
  A howler monkey skeleton (D:7)
  14 adders
  2 shadow imps
  5 worms
  5 dart slugs
  7 giant geckos
  32 orcs
  5 ball pythons
  3 giant cockroaches
  5 goblins
  7 hobgoblins
  8 jackals
  23 kobolds
  4 quokkas
  10 bats
  2 giant gecko zombies
  4 giant newts
  A jackal skeleton (D:6)
  A quokka skeleton (D:10)
  2 quokka zombies (D:6)
  11 rats
  A plant (D:5)
303 creatures vanquished.

Vanquished Creatures (collateral kills)
  A water moccasin zombie (D:8)
  A wyvern skeleton (D:5)
  A centaur zombie (D:6)
  2 gnoll shamans (Bailey)
  A worker ant zombie (D:5)
  3 gnolls (Bailey)
  A howler monkey skeleton (D:6)
  2 worms
  A bat (D:2)
13 creatures vanquished.

Grand Total: 316 creatures vanquished

Notes
Turn   | Place    | Note
--------------------------------------------------------------
     0 | D:1      | GameOver the Naga Transmuter began the quest for the Orb.
     0 | D:1      | Reached XP level 1. HP: 18/18 MP: 3/3
   280 | D:1      | Reached XP level 2. HP: 15/25 MP: 3/5
   340 | D:1      | Reached skill level 3 in Transmutations
   439 | D:1      | Learned a level 2 spell: Sticks to Snakes
   513 | D:1      | Reached XP level 3. HP: 17/31 MP: 4/6
   768 | D:2      | Learned a level 3 spell: Spider Form
   813 | D:2      | Reached skill level 1 in Poison Magic
   928 | D:2      | Reached skill level 4 in Transmutations
   928 | D:2      | Reached XP level 4. HP: 33/38 MP: 5/7
  1261 | D:2      | Reached XP level 5. HP: 21/44 MP: 5/8
  1419 | D:2      | Found a stormy altar of Qazlal.
  2145 | D:4      | Found a radiant altar of Vehumet.
  2147 | D:4      | Found an oddly glowing altar of Pakellas.
  2147 | D:4      | Found a shattered altar of Ashenzari.
  2149 | D:4      | Found a blossoming altar of Fedhas.
  2152 | D:4      | Found an iron altar of Okawaru.
  2155 | D:4      | Became a worshipper of Warmaster Okawaru
  2195 | D:4      | Reached skill level 5 in Transmutations
  2300 | D:4      | Reached XP level 6. HP: 45/51 MP: 9/9
  2506 | D:4      | Noticed a phantom
  2553 | D:4      | Killed a phantom
  2553 | D:4      | Reached skill level 6 in Transmutations
  2700 | D:4      | Reached * piety under Okawaru
  2700 | D:4      | Reached XP level 7. HP: 57/57 MP: 4/10
  2875 | D:4      | Reached skill level 5 in Poison Magic
  3100 | D:4      | Learned a level 5 spell: Blade Hands
  3117 | D:5      | Entered Level 5 of the Dungeon
  3253 | D:5      | Found a snail-covered altar of Cheibriados.
  3266 | D:5      | Reached skill level 7 in Transmutations
  3330 | D:5      | Noticed Sigmund
  3346 | D:5      | Killed Sigmund
  3346 | D:5      | Reached XP level 8. HP: 53/64 MP: 7/13
  3522 | D:5      | Reached ** piety under Okawaru
  3982 | D:5      | Reached skill level 8 in Transmutations
  4411 | D:6      | Reached XP level 9. HP: 56/70 MP: 13/15
  4461 | D:6      | Reached skill level 5 in Unarmed Combat
  4465 | D:6      | Noticed Menkaure
  4471 | D:6      | Killed Menkaure
  4471 | D:6      | Reached skill level 9 in Transmutations
  4513 | D:6      | Reached *** piety under Okawaru
  4917 | D:6      | Reached skill level 5 in Spellcasting
  5249 | D:6      | Found a glowing golden altar of the Shining One.
  5366 | D:7      | Noticed Joseph
  5382 | D:7      | Killed Joseph
  5488 | D:7      | Reached skill level 10 in Transmutations
  5507 | D:7      | Found a staircase to the Ecumenical Temple.
  5516 | Temple   | Entered the Ecumenical Temple
  5763 | D:7      | Reached **** piety under Okawaru
  5771 | D:7      | Reached skill level 1 in Armour
  5773 | D:7      | Noticed Duvessa
  5922 | D:7      | Reached XP level 10. HP: 78/78 MP: 16/18
  6018 | D:7      | Noticed Dowan
  6096 | D:7      | Killed Duvessa
  6104 | D:7      | Killed Dowan
  6343 | D:7      | Found a basalt altar of Yredelemnul.
  6348 | D:7      | Noticed Pikel
  6363 | D:7      | Killed Pikel
  6620 | D:8      | Reached ***** piety under Okawaru
  6749 | D:8      | Found a snail-covered altar of Cheibriados.
  7614 | D:9      | Noticed a hill giant
  7635 | D:9      | Killed a hill giant
  7635 | D:9      | Received a gift from Okawaru
  8096 | D:9      | Learned a level 4 spell: Ice Form
  8100 | D:9      | Learned a level 3 spell: Mephitic Cloud
  8265 | D:9      | Reached XP level 11. HP: 48/84 MP: 17/20
  8275 | D:9      | Reached skill level 5 in Invocations
  8722 | D:10     | Entered Level 10 of the Dungeon
  9348 | D:10     | Noticed a hill giant
  9385 | D:11     | Noticed a red ugly thing
  9393 | D:11     | Killed a cyan ugly thing
  9393 | D:11     | Reached skill level 5 in Armour
  9410 | D:11     | Found a flagged portal.
  9520 | Bailey   | Entered a bailey
  9684 | Bailey   | HP: 2/84 [gnoll shaman/enchanted trident (14)]
  9808 | Bailey   | Got a vibrating amethyst amulet
  9811 | Bailey   | Identified the amulet "Qihigihau" {Harm *Drain -Tele rElec rC- Dex+8} (You found it in a bailey)
  9933 | D:10     | Killed a hill giant
  9990 | D:11     | Found a frozen archway.
  9998 | D:11     | HP: 2/84 [yak (14)]
  9998 | D:11     | Slain by a white imp

Skill      XL: |  1  2  3  4  5  6  7  8  9 10 11 |
---------------+----------------------------------+-----
Transmutations | 3 4 5 6 7 8 10 | 10.0
Poison Magic   | 1 2 3 4 5 |  5.0
Spellcasting   | 3 4 5 6 |  6.1
Unarmed Combat | 4 6 8 9 |  9.2
Armour         | 1 4 5 |  5.5
Invocations    | 4 6 |  6.4
Dodging        | 2 4 |  4.1
Fighting       | |  1.0

Action                   |  1- 3 |  4- 6 |  7- 9 | 10-12 || total
-------------------------+-------+-------+-------+-------++-------
Melee: Unarmed           |    55 |   102 |   324 |   388 ||   869
       Headbutt          |     5 |     1 |       |       ||     6
       Punch             |     1 |       |     2 |     4 ||     7
       Quarterstaff      |       |       |     4 |    25 ||    29
 Cast: Beastly Appendage |    17 |     2 |       |       ||    19
       Spider Form       |       |    10 |    27 |    25 ||    62
       Sticks to Snakes  |       |     5 |     8 |    19 ||    32
       Blade Hands       |       |       |     3 |    28 ||    31
       Mephitic Cloud    |       |       |       |     1 ||     1
Invok: Heroism           |       |       |     2 |    10 ||    12
       Finesse           |       |       |       |     1 ||     1
 Abil: Spit Poison       |    42 |    50 |    59 |    77 ||   228
       End Transformatio |       |       |     1 |     1 ||     2
  Use: Potion            |       |     2 |     3 |    12 ||    17
       Scroll            |       |     3 |     3 |     6 ||    12
 Stab: Distracted        |       |       |     1 |     1 ||     2
       Confused          |       |       |       |     1 ||     1
  Eat: Chunk             |     3 |     9 |    16 |    21 ||    49
       Fruit             |       |       |       |     2 ||     2
       Meat ration       |       |       |       |     1 ||     1
Armor: Leather armour    |    18 |    15 |    31 |   125 ||   189
       Skin              |       |     2 |    17 |     7 ||    26
Dodge: Dodged            |    37 |    70 |   203 |   443 ||   753
